 Dungeon Crawl Stone Soup version 0.31-a0-879-g1609e0ac53 (webtiles) character file.

Game seed: 8999873172928005514

3386 gruber the Destroyer (level 9, -2/62 HPs)
             Began as a Demigod Conjurer on Oct 14, 2023.
             Slain by a gnoll sergeant
             ... wielding a +0 glaive
              (4 damage)
             ... in a bailey.
             The game lasted 00:10:09 (8680 turns).

gruber the Destroyer (Demigod Conjurer)             Turns: 8680, Time: 00:10:10

Health: -2/62      AC:  9    Str:  8    XL:     9   Next: 46%
Magic:  0/20       EV:  6    Int: 32    God:
Gold:   396        SH:  0    Dex: 12    Spells: 9/18 levels left

rFire   + + +        H - +9 lance "Wyrmbane" {slay drac, rPois rF+ rC+ AC+3}
rCold   + . .        (no shield)
rNeg    + . .        t - +0 leather armour {rF+}
rPois   +            j - +0 helmet
rElec   .            I - +0 cloak
rCorr   .            (no gloves)
SInv    .            (no boots)
Will    .....        (no amulet)
Stlth   ++           x - ring of protection from fire
HPRegen 0.30/turn    C - ring of positive energy
MPRegen 0.17/turn

%: no passive effects
@: held
A: high MP 1, forlorn, divine attributes
a: no special abilities


You were in a bailey.
You visited 1 branch of the dungeon, and saw 8 of its levels.
You also visited: Bailey.

You collected 396 gold pieces.

Inventory:

Hand Weapons
 H - the +9 lance "Wyrmbane" (weapon) {slay drac, rPois rF+ rC+ AC+3}
   (You took it off Maggie on level 7 of the Dungeon)

   AC+3:      It affects your AC (+3).
   rF+:       It protects you from fire.
   rC+:       It protects you from cold.
   rPois:     It protects you from poison
Missiles
 e - 3 javelins
 B - 2 curare-tipped darts
 D - a throwing net
Armour
 j - a +0 helmet (worn)
 t - a +0 leather armour of fire resistance (worn)
 I - a +0 cloak (worn)
Jewellery
 x - a ring of protection from fire (left hand)
 C - a ring of positive energy (right hand)
Wands
 y - a wand of digging (2)
 E - a wand of light (1)
 G - a wand of roots (4)
Scrolls
 c - a scroll of immolation {unknown}
 f - 7 scrolls of identify {unknown}
 h - 2 scrolls of amnesia {unknown}
 k - a scroll of vulnerability {unknown}
 n - 2 scrolls of poison {unknown}
 o - 4 scrolls of teleportation {unknown}
 p - 2 scrolls of blinking {unknown}
 r - 3 scrolls of fog {unknown}
 s - a scroll of fear {unknown}
Potions
 a - a potion of berserk rage {unknown}
 b - a potion of magic
 d - a potion of lignification {unknown}
 g - a potion of invisibility {unknown}
 i - 2 potions of enlightenment {unknown}
 l - a potion of brilliance {unknown}
 m - 4 potions of degeneration {unknown}
 q - 4 potions of attraction {unknown}
 u - 3 potions of ambrosia {unknown}
 v - 2 potions of curing {unknown}
 w - a potion of cancellation {unknown}
 z - a potion of haste {unknown}
 A - a potion of heal wounds {unknown}


   Skills:
 * Level 2.8 Polearms
 - Level 5.2 Armour
 - Level 4.2 Dodging
 - Level 1.7 Stealth
 - Level 5.1 Spellcasting
 - Level 8.6 Conjurations
 - Level 4.3 Translocations


You had 9 spell levels left.
You knew the following spells:

 Your Spells              Type           Power      Damage    Failure   Level
a - Magic Dart            Conj           100%       1d8       1%          1
b - Searing Ray           Conj           100%       2d8       1%          2
c - Iskenderun's Mystic   Conj/Tloc      49%        2d11      4%          4
d - Blink                 Tloc           70%        N/A       1%          2

Your spell library contained the following spells:

 Spells                   Type           Power      Damage    Failure   Level
 Lesser Beckoning         Tloc           70%        N/A       1%          2
 Momentum Strike          Conj/Tloc      98%        3d10      1%          2
 Dazzling Flash           Conj/Hex       70%        N/A       3%          3
 Stone Arrow              Conj/Erth      70%        3d11      3%          3
 Sandblast                Erth           16%        2d6       7%          1
 Ensorcelled Hibernation  Hex/Ice        16%        N/A       11%         2
 Jinxbite                 Hex            16%        N/A       11%         2
 Passwall                 Tmut/Erth      6%         N/A       11%         2
 Brom's Barrelling Bould  Conj/Erth      35%        2d5       12%         4
 Fulminant Prism          Conj/Hex       17%        3d11      12%         4
 Anguish                  Hex/Necr       4%         N/A       56%         4
 Summon Forest            Summ/Tloc      10%        N/A       61%         5
 Summon Mana Viper        Hex/Summ       8%         N/A       88%         5
 Summon Cactus Giant      Summ           4%         N/A       100%        6


Dungeon Overview and Level Annotations

Branches:
Dungeon (8/15)             Temple (0/1) D:6          Bailey (1/1)
   Lair: D:8-11

Annotations:
D:7 2 transporters, Grum; Pi314's ghost, novice DrCj


Innate Abilities, Weirdness & Mutations

You have an increased reservoir of magic. (+10% MP)
You shall have no god before yourself.
Your divine heritage dramatically boosts your attributes as you level up.


Message History

The gnoll sergeant hits you from afar with a +0 glaive!
* * * LOW HITPOINT WARNING * * *
The searing ray hits the gnoll sergeant.
The gnoll sergeant is heavily wounded.
You finish channelling your searing ray.
The gnoll sergeant hits you from afar with a +0 glaive.
* * * LOW HITPOINT WARNING * * *
Unknown command.
Casting: Searing Ray (safe; 1% risk of failure)
Confirm with . or Enter, or press ? or * to list all spells.
You erupt in a blast of force!
The mystic blast hits the gnoll sergeant but does no damage.
The gnoll sergeant is heavily wounded.
The gnoll sergeant hits you from afar with a +0 glaive!
* * * LOW HITPOINT WARNING * * *
Unknown command.
Unknown command.
Casting: Iskenderun's Mystic Blast (dangerous; 4% risk of failure)
Confirm with . or Enter, or press ? or * to list all spells.
You erupt in a blast of force!
The mystic blast hits the gnoll sergeant but does no damage.
The gnoll sergeant is heavily wounded.
The gnoll sergeant closely misses you.
Unknown command.
Unknown command.
Unknown command.
Casting: Iskenderun's Mystic Blast (dangerous; 4% risk of failure)
Confirm with . or Enter, or press ? or * to list all spells.
You erupt in a blast of force!
The mystic blast hits the gnoll sergeant!
The gnoll sergeant is almost dead.
The gnoll sergeant is knocked back by the mystic blast.
Unknown command.
Unknown command.
Unknown command.
You struggle against the net.
You struggle against the net.
You struggle against the net.
The gnoll sergeant hits you from afar with a +0 glaive.
You die...

♣♣≈≈...# ♣.≈..#
♣♣.≈..# ♣♣..≈..#
♣...≈..# ♣...≈..#
♣♣...≈..##### .
#♣♣♣.......'...#..
#@†g)).....')..'g.
#♣♣♣.......'...#..
♣♣...≈..##### .
♣♣..≈..# ♣..≈..#
♣..≈..# ♣♣.≈..#
♣.≈..#


You could see a gnoll sergeant.

Vanquished Creatures
  Pikel (D:7)
  Maggie (D:7)
  Jeremiah (D:8)
  Prince Ribbit (D:8)
  A steam dragon (D:6)
  Menkaure (D:5)
  A water moccasin (D:6)
  2 sky beasts
  A black bear (D:6)
  An ice beast (D:6)
  2 ogres
  2 lemures (D:7)
  A gnoll sergeant (D:7)
  2 scorpions
  A wight (D:8)
  A killer bee (D:6)
  A howler monkey (D:6)
  6 hounds
  2 jellies
  Crazy Yiuf (D:7)
  An orc priest (D:5)
  A centaur skeleton (D:3)
  A gnoll bouda (D:6)
  6 iguanas
  2 orc wizards (D:7)
  A sleepcap (D:6)
  2 hound zombies (D:3)
  A hound skeleton (D:3)
  16 gnolls
  7 adders
  A shadow imp (D:8)
  A white imp (D:7)
  4 ufetubi
  2 worms
  A dart slug (D:5)
  26 orcs
  3 ball pythons
  5 bats
  8 endoplasms
  3 giant cockroaches
  12 hobgoblins
  A quokka (D:4)
  A frilled lizard (D:1)
  7 goblins
  7 kobolds
  2 quokka skeletons (D:3)
  5 rats
157 creatures vanquished.

Notes
Turn   | Place    | Note
-------+----------+-------------------------------------------
     0 | D:1      | gruber the Demigod Conjurer began the quest for the Orb.
     0 | D:1      | Reached XP level 1. HP: 14/14 MP: 5/5
   206 | D:1      | Reached skill level 4 in Conjurations
   284 | D:1      | Reached XP level 2. HP: 20/20 MP: 4/7
  1038 | D:2      | Reached XP level 3. HP: 23/26 MP: 5/8
  1045 | D:2      | Learned a level 2 spell: Searing Ray
  1352 | D:2      | Reached skill level 5 in Conjurations
  1460 | D:2      | Reached XP level 4. HP: 33/33 MP: 3/9
  2071 | D:3      | Reached skill level 6 in Conjurations
  2071 | D:3      | Reached XP level 5. HP: 38/38 MP: 2/10
  3324 | D:4      | Reached skill level 7 in Conjurations
  3324 | D:4      | Reached XP level 6. HP: 45/45 MP: 1/11
  4224 | D:5      | Entered Level 5 of the Dungeon
  4668 | D:5      | Reached XP level 7. HP: 47/50 MP: 5/16
  4762 | D:5      | Noticed Menkaure
  4768 | D:5      | Killed Menkaure
  5246 | D:6      | Reached skill level 5 in Spellcasting
  5253 | D:6      | Learned a level 4 spell: Iskenderun's Mystic Blast
  5289 | D:6      | Reached skill level 1 in Translocations
  5886 | D:6      | Reached XP level 8. HP: 38/57 MP: 11/19
  5958 | D:6      | Learned a level 2 spell: Blink
  5994 | D:6      | Found a staircase to the Ecumenical Temple.
  7233 | D:7      | Noticed Pikel
  7245 | D:7      | Killed Pikel
  7246 | D:7      | Reached skill level 5 in Armour
  7246 | D:7      | Reached XP level 9. HP: 44/62 MP: 11/20
  7279 | D:7      | Noticed Maggie
  7299 | D:7      | Killed Maggie
  7774 | D:7      | Identified the +3 short sword "Archirghoula" {freeze,
                  | rElec}
  7774 | D:7      | Identified the ring "Odoss" {rElec rPois Will+ Str+3}
  7779 | D:7      | Noticed Grum
  7781 | D:7      | Noticed Pi314's ghost (novice DrCj)
  7794 | D:7      | Identified the +4 scale mail "Afuastec" {rPois rC+ Slay+3}
  7794 | D:7      | Identified the +1 buckler of Muttered Phrases {rElec}
  7796 | D:7      | Found a transporter.
  7796 | D:7      | Found a transporter.
  7900 | D:7      | Found a runed translucent door.
  7901 | D:7      | Noticed Crazy Yiuf
  7952 | D:7      | Killed Crazy Yiuf
  8188 | D:8      | Noticed Jeremiah
  8206 | D:8      | Reached skill level 8 in Conjurations
  8208 | D:8      | Killed Jeremiah
  8424 | D:8      | Noticed Prince Ribbit
  8433 | D:8      | Killed Prince Ribbit
  8518 | D:8      | Found a flagged portal.
  8527 | Bailey   | Entered a bailey
  8675 | Bailey   | HP: 1/62 [gnoll sergeant/+0 glaive (12)]
  8680 | Bailey   | Slain by a gnoll sergeant

Illustrated notes

Levels and vault maps discovered:
D:1:      erik_arrival_blinker_ship, layout_loops_cross, corexii_hall_statues_x
D:2:      layout_basic, chequers_ecumenical_altar_island
D:3:      layout_basic, serial_undead, serial_undead_c, serial_undead_e,
          serial_undead_d, serial_undead_e
D:4:      nicolae_cairo_tiling, layout_loops_ring, amcnicky_altar_gilded,
          mainiacjoe_overflow_boulevard, lightli_corner_chamber
D:5:      layout_rooms, uniq_menkaure
D:6:      minmay_chambers_of_fours, layout_basic,
          grunt_dithmenos_smoke_and_mirrors, minmay_temple_entry_mist
D:7:      layout_loops_ring, gammafunk_ghost_gnarly_gnolls, due_unseen_surprise,
          uniq_maggie, uniq_crazy_yiuf_cottage, uniq_pikel
D:8:      layout_basic, nicolae_gozag_seed_capital, enter_bailey_2,
          uniq_jeremiah, uniq_prince_ribbit1
Bailey:   bailey_polearm_gnolls_kennysheep, bailey

Skill      XL: |  1  2  3  4  5  6  7  8  9 |
---------------+----------------------------+-----
Conjurations   | 4 5 6 7 8 |  8.6
Spellcasting   | 4 5 |  5.1
Translocations | 4 |  4.3
Dodging        | 4 |  4.2
Armour         | 5 |  5.2
Polearms       | 2 |  2.8
Stealth        | |  1.7

Action                     |  1- 3 |  4- 6 |  7- 9 || total
---------------------------+-------+-------+-------++-------
  Melee: Dagger            |     4 |     9 |       ||    13
         Flail             |       |       |     2 ||     2
         Lance             |       |       |    13 ||    13
  Throw: Javelin           |     3 |       |       ||     3
   Cast: Magic Dart        |    70 |   136 |    49 ||   255
         Searing Ray       |     1 |    10 |    47 ||    58
         Iskenderun's Myst |       |       |     7 ||     7
  Evoke: Wand              |       |       |     5 ||     5
   Stab: Sleeping          |     1 |       |       ||     1
 Armour: Robe              |     7 |    23 |       ||    30
         Leather armour    |       |       |    53 ||    53
  Dodge: Dodged            |    14 |    33 |    50 ||    97

Table legend: (Time is in decaauts)
 A = Elapsed time spent in this place.
 B = Non-inter-level travel time spent in this place.
 C = Inter-level travel time spent in this place.
 D = Time resting spent in this place.
 E = Time spent auto-exploring this place.
 F = Levels seen in this place.
 G = Mean time per level.
                   A        B        C        D        E       F      G
               +--------+--------+--------+--------+--------+-----+--------+
         Total |   8683 |   8443 |    240 |    367 |   7061 |   9 |  964.8 |
       Dungeon |   8531 |   8291 |    240 |    367 |   6960 |   8 | 1066.4 |
        Bailey |    152 |    152 |      0 |      0 |    101 |   1 |  152.0 |
               +--------+--------+--------+--------+--------+-----+--------+

Top non-repeatable levels by time:
     D:6: 1705 daAuts
     D:7: 1288 daAuts
     D:3: 1271 daAuts
     D:4: 1079 daAuts
     D:1: 1035 daAuts
     D:5: 927 daAuts
     D:2: 871 daAuts
     D:8: 352 daAuts
  Bailey: 152 daAuts
